 Dungeon Crawl Stone Soup version 0.19.5 (webtiles) character file.

331 tof the Shooter (level 6, 0/52 HPs)
             Began as a Centaur Hunter on Mar 2, 2017.
             Slain by Grinder (7 damage)
             ... on level 4 of the Dungeon.
             The game lasted 00:07:40 (3178 turns).

tof the Shooter (Centaur Hunter)                    Turns: 3178, Time: 00:07:40

Health: 0/52       AC:  4    Str: 15    XL:     6   Next: 26%
Magic:  6/6        EV: 10    Int: 10    God:
Gold:   150        SH:  0    Dex: 11    Spells: 0 memorised, 5 levels left

rFire  . . .     SeeInvis .     a - +1 shortbow
rCold  . . .     Gourm    .     m - +0 leather armour
rNeg   . . .     Faith    .     (shield currently unavailable)
rPois  .         Spirit   .     (no helmet)
rElec  .         Reflect  .     (no cloak)
rCorr  .         Harm     .     (no gloves)
MR     +....                    (no barding)
Stlth  ..........               (no amulet)
                                (no ring)
                                j - ring of protection from magic

@: confused, very quick
A: hooves 3, deformed body, speed 2, tough skin 3
a: no special abilities


You were on level 4 of the Dungeon.
You were not hungry.

You visited 1 branch of the dungeon, and saw 4 of its levels.

You collected 150 gold pieces.

Inventory:

Hand Weapons
 a - a +1 shortbow (weapon)
 b - a +0 short sword
Missiles
 g - 119 stones (quivered)
Armour
 m - a +0 leather armour (worn)
Jewellery
 j - a ring of protection from magic (left hand)
Wands
 y - a wand of polymorph (8/24)
Scrolls
 e - 2 scrolls of magic mapping
 h - a scroll of recharging
 n - a scroll of remove curse
 o - a scroll of teleportation {unknown}
 s - a scroll of enchant armour {unknown}
 u - a scroll of amnesia {unknown}
Potions
 c - a potion of cancellation {unknown}
 l - a potion of resistance {unknown}
 p - 2 potions of might {unknown}
 q - a potion of berserk rage {unknown}
 r - a potion of invisibility {unknown}
 v - a potion of flight {unknown}
 w - a potion of degeneration {unknown}
Comestibles
 f - a slice of pizza
 k - a beef jerky
 t - 2 meat rations


   Skills:
 + Level 4.0 Fighting
 + Level 7.3 Bows
 + Level 3.1 Dodging
 - Level 0.4 Stealth


You had 5 spell levels left.
You didn't know any spells.

Dungeon Overview and Level Annotations

Branches:
Dungeon (4/15)
 Temple: D:4-7

Altars:
Qazlal

Annotations:
D:4 Grinder


Innate Abilities, Weirdness & Mutations

You have hooves in place of feet.
Armour fits poorly on your strangely shaped body.
You cover ground very quickly.
You have extremely tough skin. (AC +3)


Message History

Aim: Grinder (heavily wounded)
You shoot an arrow. The arrow completely misses Grinder.
Firing (i - inventory. (,) - cycle):
d - an arrow (quivered)
Press: ? - help, Shift-Dir - straight line, f/p - Grinder
Aim: Grinder (heavily wounded)
You shoot an arrow. The arrow barely misses Grinder.
Throwing (i - inventory):
g - 120 stones (quivered)
Press: ? - help, Shift-Dir - straight line, f/p - Grinder
Aim: Grinder (heavily wounded)
You throw a stone. The stone hits Grinder.
Grinder is heavily wounded.
Grinder hits you.
* * * LOW HITPOINT WARNING * * *
You writhe in agony.
* * * LOW HITPOINT WARNING * * *
Grinder hits you.
* * * LOW HITPOINT WARNING * * *
You are confused.
You feel invigorated. Grinder hits you!
You die...

#.....................(..
.....#..#......##...#...#..# #
####.#.......#.##...#...#..#
.##(
#.#.##....#.##...#...#.>##(.((
..............)..............
###.##...................(.
#.##.#..#.##.#.#.#.#((######
#..............#..(..)......
#..........@5.(((.(......###
#...........#..#.#.#.#...#
#..................#.#.#.#
.#..##.....#.#######8 8 #
#..##.....#.# ....
..........#.# .....
...........# ......
..##.....#.# .... ..##.....#.#


You could see Grinder.

Vanquished Creatures
  Sigmund (D:3)
  A hound (D:4)
  An iguana (D:4)
  A worker ant (D:4)
  A gnoll (D:1)
  An adder (D:2)
  3 worms
  3 dart slugs
  3 leopard geckos (D:2)
  3 ball pythons
  2 giant cockroaches (D:1)
  7 goblins
  3 hobgoblins
  6 jackals
  8 kobolds
  2 quokkas (D:2)
  9 bats
  6 frilled lizards (D:2)
  A quokka skeleton (D:4)
  9 rats
71 creatures vanquished.

Notes
Turn   | Place    | Note
-------+----------+-------------------------------------------
     0 | D:1      | tof the Centaur Hunter began the quest for the Orb.
     0 | D:1      | Reached XP level 1. HP: 17/17 MP: 1/1
   343 | D:1      | Reached XP level 2. HP: 24/24 MP: 2/2
   842 | D:1      | Reached XP level 3. HP: 16/30 MP: 3/3
  1165 | D:2      | Reached skill level 6 in Bows
  1593 | D:2      | Reached XP level 4. HP: 31/37 MP: 4/4
  1795 | D:3      | Noticed Sigmund
  1853 | D:3      | Found a stormy altar of Qazlal.
  1917 | D:3      | Killed Sigmund
  1917 | D:3      | Reached XP level 5. HP: 10/46 MP: 5/5
  2565 | D:3      | Reached skill level 7 in Bows
  2885 | D:4      | Reached XP level 6. HP: 23/52 MP: 6/6
  3138 | D:4      | Noticed Grinder
  3178 | D:4      | Slain by Grinder

Skill      XL: |  1  2  3  4  5  6 |
---------------+-------------------+-----
Bows           | 6 7 |  7.3
Dodging        | 2 3 |  3.1
Fighting       | 3 4 |  4.0
Stealth        | |  0.4

Action                   |  1- 3 |  4- 6 || total
-------------------------+-------+-------++-------
 Fire: Shortbow          |   131 |   137 ||   268
Throw: Stone             |       |     1 ||     1
  Use: Scroll            |     5 |     1 ||     6
       Potion            |       |     1 ||     1
  Eat: Chunk             |     1 |       ||     1
       Bread ration      |       |     1 ||     1
Armor: Leather armour    |    17 |    20 ||    37
Dodge: Dodged            |    25 |    32 ||    57
